Map: Blackpink LE

Players

Maru - Winner!

  • Race: Terran Terran
  • Spawn Location: 7:00

SpeCial

  • Race: Terran Terran
  • Spawn Location: 1:00

Event: IEM Season 12 - Katowice

VOD

Have the link to the VOD?

Description

Time

  • Played on: March 1, 2018, 7:20 a.m.
  • Length: 14:51
Show
View Real Time Build Order
Export as new Build Order

Maru Terran - Winner!

Build Orders: Gas First Reaper Expand, Reaper Expand, Bio Tank, Banshee Rush 

Get SALT Encoding   

  12  0:00  SCV  
  13  0:12  SCV  
  14  0:17  Supply Depot  
  14  0:25  SCV  
  15  0:29  Refinery  
  15  0:38  SCV  
  16  0:44  Barracks  
  16  0:50  SCV  
  17  1:03  SCV  
  18  1:15  SCV  
  19  1:31  Reaper, Orbital Command  
  20  1:43  Command Center  
  20  1:55  Factory  
  20  1:59  SCV  
  21  2:07  Supply Depot  
  21  2:09  Barracks Reactor  
  21  2:13  SCV  
  22  2:18  Refinery  
  22  2:25  SCV  
  22  2:37  SCV  
  22  2:38  Hellion  
  22  2:42  Starport  
  24  2:46  Marine x2  
  24  2:49  SCV  
  27  2:57  Orbital Command  
  27  2:59  Factory Tech Lab  
  27  3:01  SCV  
  28  3:05  Marine  
  28  3:07  Marine  
  30  3:13  SCV  
  31  3:23  SCV, Cloaking Field  
  31  3:25  Banshee  
  35  3:29  Marine  
  35  3:30  Marine  
  35  3:32  Factory Tech Lab  
  37  3:35  SCV  
  37  3:37  SCV  
  39  3:41  Supply Depot  
  39  3:47  SCV  
  40  3:49  SCV  
  40  3:53  Siege Tank  
  44  3:59  SCV  
  44  4:01  SCV  
  46  4:04  Supply Depot  
  46  4:11  SCV  
  46  4:13  SCV  
  51  4:23  SCV  
  52  4:25  SCV  
  52  4:28  Command Center, Raven  
  52  4:33  Marine x2  
  52  4:35  SCV  
  52  4:37  Supply Depot, SCV  
  56  4:43  Refinery  
  56  4:47  SCV  
  56  4:49  SCV  
  58  4:57  Refinery  
  58  4:58  Siege Tank  
  58  4:59  SCV  
  62  5:01  SCV  
  63  5:11  SCV  
  63  5:12  Barracks  
  63  5:13  SCV  
  65  5:14  Barracks  
  65  5:16  Banshee  
  68  5:24  SCV  
  68  5:26  Marine  
  70  5:30  Supply Depot  
  70  5:38  Engineering Bay  
  70  5:39  Marine  
  70  5:40  SCV, Siege Tank, Engineering Bay  
  75  5:46  SCV  
  75  5:47  Orbital Command  
  76  5:52  Marine  
  76  5:54  SCV  
  76  5:56  Supply Depot  
  78  5:57  Marine  
  78  5:58  SCV  
  80  6:04  Barracks Reactor, Barracks Tech Lab  
  80  6:07  Barracks  
  80  6:08  Barracks, Terran Infantry Weapons Level 1  
  80  6:10  Marine  
  78  6:22  Marine  
  78  6:23  Marine  
  78  6:24  Siege Tank, Stimpack  
  83  6:27  Marine  
  83  6:28  Starport Reactor, Orbital Command  
  84  6:34  SCV x2  
  86  6:40  Marine x2  
  75  6:47  Marine x2  
  75  6:50  Marine  
  75  6:56  Barracks Reactor x2, Siege Tank  
  75  6:58  Marine x2  
  75  7:00  SCV  
  75  7:01  SCV x2, Terran Infantry Armor Level 1  
  79  7:05  Marine x2, Medivac  
  79  7:06  Medivac  
  86  7:11  Supply Depot  
  86  7:12  SCV  
  86  7:13  SCV, Refinery  
  86  7:14  Refinery  
  88  7:16  Sensor Tower  
  88  7:17  Supply Depot, SCV  
  88  7:19  Marine  
  88  7:20  Marine  
  91  7:24  SCV  
  91  7:25  SCV  
  91  7:29  SCV  
  94  7:30  Armory  
  94  7:31  Missile Turret  
  94  7:32  Marine  
  94  7:34  Missile Turret  
  94  7:36  SCV  
  96  7:37  SCV  
  96  7:38  Siege Tank  
  96  7:41  Medivac  
  96  7:43  Medivac  
  104  7:46  Marine x2  
  104  7:47  SCV  
  104  7:49  SCV  
  103  7:53  SCV  
  103  7:59  SCV  
  103  8:00  Marine  
  103  8:01  SCV, Marine  
  103  8:04  Supply Depot  
  103  8:05  Supply Depot, SCV  
  108  8:11  SCV, Siege Tank  
  112  8:13  SCV  
  112  8:17  SCV  
  112  8:19  Supply Depot, Medivac  
  116  8:23  SCV  
  116  8:24  Combat Shields  
  116  8:26  Medivac  
  119  8:28  SCV  
  119  8:29  Supply Depot, SCV  
  119  8:31  Marine x3  
  119  8:33  Marine x2  
  119  8:34  Marine  
  127  8:35  SCV, Marine  
  127  8:40  SCV  
  130  8:42  Factory  
  130  8:44  SCV  
  130  8:47  SCV  
  132  8:52  Marine  
  132  8:53  Marine x4  
  132  8:54  Marine  
  132  8:55  Siege Tank, Marine x2  
  143  8:59  Supply Depot x2  
  143  9:06  Marine  
  143  9:07  Liberator x2  
  142  9:11  Marine x2  
  142  9:14  Marine  
  142  9:15  Marine x4, Command Center  
  142  9:16  Marine  
  141  9:23  Marine  
  142  9:27  Siege Tank  
  142  9:29  Marine x2  
  142  9:30  Siege Tank  
  156  9:32  Marine x3  
  156  9:35  Terran Infantry Weapons Level 2  
  156  9:36  Terran Infantry Armor Level 2  
  159  9:43  Supply Depot, Terran Vehicle Weapons Level 1  
  159  9:50  Marine x2  
  159  9:52  Liberator x2  
  159  9:58  Marine  
  159  9:59  Marine  
  137  10:05  Marine x5  
  137  10:06  Siege Tank x2  
  147  10:15  Marine x2  
  147  10:16  Marine  
  147  10:17  Marine  
  147  10:20  Barracks  
  151  10:22  Marine, Barracks  
  151  10:25  Marine x4  
  156  10:31  Planetary Fortress  
  156  10:33  Marine x2  
  156  10:34  Marine  
  156  10:35  Marine  
  160  10:36  Missile Turret, Liberator  
  160  10:41  Liberator  
  157  10:43  Marine x2  
  157  10:45  Marine x2  
  157  10:48  Siege Tank x2, Marine  
  159  10:50  Marine  
  159  10:51  Marine  
  159  10:52  Marine  
  159  10:53  Marine  
  163  11:13  Marine  
  163  11:14  Marine x6  
  163  11:15  Barracks Reactor  
  163  11:17  Barracks Reactor  
  170  11:20  Siege Tank  
  170  11:23  Marine  
  170  11:24  Siege Tank  
  177  11:28  Supply Depot  
  177  11:36  Viking  
  177  11:39  Marine x2  
  180  11:40  Marine x2  
  180  11:41  Viking  
  180  11:45  Refinery  
  180  11:46  Refinery  
  185  11:47  Marine x3, Command Center  
  185  11:49  Marine  
  185  11:50  Supply Depot  
  185  11:52  Siege Tank  
  192  11:56  Siege Tank  
  192  11:58  Terran Infantry Weapons Level 3  
  195  12:06  Terran Infantry Armor Level 3  
  195  12:14  Marine x6  
  197  12:19  Viking  
  197  12:22  Marine x5  
  193  12:24  Siege Tank  
  193  12:29  Marine x2  
  180  12:39  Marine x2  
  180  12:44  Marine x8, Command Center  
  180  12:49  SCV x3  
  191  12:52  Marine x3  
  191  12:57  Marine  
  195  13:01  SCV  
  195  13:02  Marine x4  
  200  13:10  Marine x5  
  199  13:22  Marine  
  200  13:27  Orbital Command  
  194  13:40  Liberator  
  194  13:46  Marine x2  
  194  13:51  Marine x2  
  191  13:58  Viking  
  191  13:59  Marine x5  
  192  14:03  Marine x5  
  197  14:10  Marine x3  
  197  14:15  Planetary Fortress  
  189  14:26  Marine x10  
  189  14:28  Marine  
  189  14:31  Marine  
Show
View Real Time Build Order
Export as new Build Order

SpeCial Terran 

Build Orders: Reaper Expand, Bio Tank 

Get SALT Encoding   

  12  0:00  SCV  
  13  0:13  SCV  
  14  0:18  Supply Depot  
  14  0:25  SCV  
  15  0:40  SCV  
  15  0:41  Barracks  
  16  0:46  Refinery  
  16  0:52  SCV  
  17  1:04  SCV  
  18  1:16  SCV  
  19  1:29  Reaper, Orbital Command  
  20  1:44  Command Center  
  20  1:55  SCV  
  20  2:00  Supply Depot  
  21  2:02  Barracks Reactor  
  21  2:07  SCV  
  22  2:19  SCV  
  23  2:35  SCV  
  24  2:39  Marine, Command Center  
  24  2:40  Marine  
  26  2:47  SCV  
  26  2:48  Barracks  
  27  2:57  Marine x2  
  29  2:59  SCV  
  29  3:01  Orbital Command  
  30  3:10  Barracks  
  30  3:12  SCV  
  31  3:19  Bunker  
  31  3:21  Marine x2  
  31  3:24  SCV  
  31  3:27  SCV  
  35  3:33  Engineering Bay  
  35  3:35  Barracks Tech Lab  
  35  3:37  SCV  
  35  3:39  Marine x2  
  38  3:43  SCV  
  39  3:49  SCV  
  40  3:55  Orbital Command  
  40  3:57  SCV, Marine  
  40  3:59  Terran Infantry Weapons Level 1  
  40  4:01  SCV, Marine x2  
  45  4:03  Marine  
  45  4:09  Stimpack  
  46  4:12  SCV  
  46  4:13  SCV  
  48  4:20  Missile Turret  
  48  4:21  Missile Turret  
  48  4:24  SCV  
  48  4:26  Factory  
  48  4:28  SCV x2  
  48  4:29  Marine  
  52  4:32  Marine  
  52  4:36  Barracks Tech Lab  
  52  4:37  Refinery  
  52  4:38  Marine  
  54  4:40  SCV  
  54  4:43  SCV  
  54  4:44  SCV  
  57  4:49  Refinery  
  56  4:54  SCV  
  56  4:55  SCV  
  56  4:57  Marine x3  
  56  4:58  Marine  
  61  5:00  Combat Shields  
  61  5:04  SCV  
  61  5:08  Supply Depot  
  61  5:11  Supply Depot  
  61  5:14  SCV  
  61  5:17  Starport  
  61  5:19  SCV  
  61  5:20  Factory Reactor  
  60  5:21  Marine  
  60  5:23  Marine  
  61  5:29  Marine x2  
  61  5:30  SCV x2  
  61  5:33  Supply Depot  
  65  5:37  SCV  
  65  5:39  Supply Depot, Marine  
  65  5:40  Marine  
  65  5:42  SCV  
  68  5:43  SCV  
  68  5:48  Marine x2  
  71  5:51  SCV  
  71  5:54  SCV  
  71  5:55  Supply Depot  
  73  5:57  Marine  
  73  5:58  SCV  
  73  6:03  SCV  
  73  6:04  Medivac x2  
  80  6:07  Refinery  
  80  6:16  Marine  
  80  6:17  Marine  
  79  6:20  SCV  
  79  6:21  SCV  
  79  6:25  Supply Depot  
  79  6:26  Barracks Reactor  
  79  6:30  Marine  
  78  6:33  SCV x3, Medivac  
  78  6:34  Marine x2  
  84  6:40  Siege Tank  
  84  6:45  SCV  
  70  6:48  Marine  
  70  6:49  SCV x2  
  70  6:52  Marine  
  67  6:56  Marine  
  67  7:00  SCV  
  70  7:01  Barracks  
  70  7:03  Barracks  
  70  7:04  SCV  
  70  7:05  Orbital Command  
  70  7:06  Marine x3  
  70  7:07  Refinery  
  74  7:08  Terran Infantry Armor Level 1  
  74  7:10  Marine  
  74  7:12  SCV  
  74  7:13  Marine  
  75  7:22  SCV  
  76  7:23  Siege Tank, Barracks  
  76  7:24  SCV, Marine x3  
  83  7:31  SCV  
  83  7:32  Marine x2  
  83  7:34  SCV  
  83  7:36  SCV  
  88  7:41  Marine  
  88  7:43  SCV  
  90  7:46  SCV  
  90  7:47  Missile Turret  
  90  7:48  SCV  
  92  7:51  Medivac  
  92  7:54  Marine x4  
  92  7:55  Supply Depot, SCV  
  92  7:56  Barracks Reactor  
  97  7:58  SCV  
  97  7:59  Armory  
  97  8:00  SCV  
  97  8:01  Marine  
  97  8:02  Engineering Bay  
  100  8:07  SCV, Refinery x2  
  100  8:10  SCV  
  100  8:11  Barracks Reactor, Marine  
  100  8:12  Marine  
  104  8:13  SCV  
  104  8:18  Supply Depot, Siege Tank  
  104  8:19  Supply Depot, SCV  
  109  8:20  Marine x2  
  109  8:22  SCV  
  109  8:25  SCV  
  113  8:28  Barracks Reactor  
  113  8:31  SCV, Factory  
  113  8:32  Marine x2  
  116  8:34  SCV  
  116  8:39  SCV, Marine x2  
  116  8:40  Supply Depot  
  116  8:41  Supply Depot, Marine  
  120  8:44  SCV  
  120  8:47  SCV  
  119  8:51  Siege Tank  
  119  8:52  SCV  
  119  8:53  Marine x2  
  119  8:54  Marine x2  
  127  8:56  SCV  
  127  8:59  SCV, Marine x4  
  133  9:05  Sensor Tower, Terran Infantry Weapons Level 2  
  133  9:06  Terran Infantry Armor Level 2  
  133  9:08  Marine x2  
  133  9:11  Marine x2  
  133  9:16  Marine x2  
  133  9:17  SCV x2, Marine x4  
  122  9:25  Siege Tank  
  122  9:26  Siege Tank, Marine  
  122  9:27  Marine  
  122  9:29  Marine x2  
  132  9:32  Terran Vehicle Weapons Level 1  
  132  9:35  Medivac  
  134  9:38  Medivac  
  134  9:39  Marine x2  
  134  9:41  Marine x2  
  134  9:43  Marine x2  
  134  9:45  Marine  
  142  9:46  Marine  
  137  9:56  Liberator x2  
  137  9:57  Siege Tank, Marine x2  
  127  10:00  Marine x2  
  127  10:04  Marine x2  
  127  10:05  Marine x4  
  135  10:15  Marine x2  
  135  10:18  Marine x2  
  139  10:22  Siege Tank, Marine x3, Command Center  
  139  10:23  Marine x3  
  148  10:33  Marine  
  149  10:40  Marine x2  
  149  10:42  Marine x2  
  142  10:44  Supply Depot  
  142  10:45  Supply Depot  
  135  10:50  Siege Tank  
  135  10:53  Marine x4  
  135  10:54  Marine x2  
  135  10:56  Viking x2  
  147  10:58  Marine x2  
  147  10:59  Barracks  
  149  11:04  Barracks x2  
  149  11:05  Marine x2  
  149  11:11  Marine x2  
  148  11:14  Siege Tank  
  153  11:20  Marine  
  153  11:22  Siege Tank  
  153  11:25  Terran Infantry Armor Level 3, Terran Infantry Weapons Level 3  
  157  11:26  Marine x2  
  157  11:27  Marine  
  160  11:36  Marine  
  160  11:37  Marine x4  
  165  11:40  Marine  
  165  11:44  Marine  
  165  11:46  Viking, Siege Tank  
  172  11:49  Viking  
  174  11:54  Siege Tank  
  174  11:58  Marine x2  
  179  12:11  Marine  
  179  12:12  Marine  
  165  12:16  Marine x2  
  164  12:28  Marine x5, Medivac  
  164  12:29  Siege Tank, Marine, Medivac  
  156  12:30  Marine  
  156  12:33  Marine x2  
  156  12:37  Marine  
  134  12:45  Marine x2  
  134  12:46  Marine x5  
  141  12:54  Marine x2  
  141  12:55  Command Center  
  143  13:00  Viking x2  
  143  13:02  Siege Tank x2  
  143  13:05  Marine  
  151  13:06  Marine  
  152  13:13  Marine  
  153  13:21  Marine x2  
  153  13:22  Marine  
  156  13:33  Viking  
  156  13:39  Viking  
  143  13:49  Marine  
  143  13:50  Siege Tank  
  141  13:59  Marine x3  
  141  14:00  Marine x2  
  144  14:03  Viking  
  144  14:07  Marine  
  144  14:09  Viking  
  149  14:10  Marine  
  149  14:16  Marine  
  151  14:18  Marine x3  
  151  14:19  Marine x2  
  151  14:20  Marine  
  151  14:23  Marine x4  
  161  14:25  Marine  
  161  14:28  Marine  

Tags
 
Add a new tag
Caveats
  • Supply blocks, unpowered buildings, or Contaminate may cause inaccurate times.
  • Supply counts are checked every 10 seconds.